 Dungeon Crawl Stone Soup version 0.17-a0-1387-g00d4e61 (webtiles) character file.

125 Quirk the Covered (level 5, -9/33 HPs)
             Began as a Gargoyle Fighter on June 16, 2015.
             Killed by nerve-wracking pain
             ... invoked by an orc priest
              (13 damage)
             ... on level 2 of the Dungeon.
             The game lasted 00:06:29 (1901 turns).

Quirk the Covered (Gargoyle Fighter)                Turns: 1901, Time: 00:06:30

Health: -9/33      AC: 12    Str: 21    XL:     5   Next: 9%
Magic:  5/5        EV:  7    Int:  8    God:
Gold:   109        SH:  9    Dex:  6    Spells: 0 memorised, 4 levels left

rFire  . . .     SeeInvis .     a - +0 flail
rCold  . . .     Clarity  .     b - +0 scale mail
rNeg   + . .     SustAt   .     c - +0 shield
rPois  ∞         Gourm    .     g - +0 helmet
rElec  +         Spirit   .     (no cloak)
rCorr  .         Warding  .     (no gloves)
rMut   .         Stasis   .     (no boots)
MR     .....                    (no amulet)
Stlth  ..........               (no ring)
                                p - -3 ring of dexterity (curse)

@: not resistant to hostile enchantments, extremely unstealthy
A: negative energy resistance 1, electricity resistance, unbreathing,
petrification resistance, rot immunity, AC +4
a: no special abilities


You were on level 2 of the Dungeon.
You were hungry.

You visited 1 branch of the dungeon, and saw 3 of its levels.

You collected 109 gold pieces.

Inventory:

Hand weapons
 a - a +0 flail (weapon)
Missiles
 h - 3 tomahawks (quivered)
Armour
 b - a +0 scale mail (worn)
 c - a +0 shield (worn)
 g - a +0 helmet (worn)
Jewellery
 p - a cursed -3 ring of dexterity (left hand)
Magical devices
 n - a wand of random effects (20)
Potions
 d - a potion of might
 f - a potion of cure mutation {unknown}
 i - a potion of curing
 l - a potion of beneficial mutation {unknown}
Comestibles
 e - 2 bread rations
 o - a beef jerky


   Skills:
 + Level 3.7 Fighting
 + Level 2.8 Maces & Flails
 + Level 4.0 Armour
 + Level 1.3 Dodging
 + Level 1.6 Stealth
 + Level 4.0 Shields


You had 4 spell levels left.
You didn't know any spells.

Dungeon Overview and Level Annotations

Branches:
Dungeon (3/15)

Altars:


Innate Abilities, Weirdness & Mutations

You are resistant to torment.
Your stone body is resilient (AC +4).
You are immune to poison.
You resist negative energy.
You are resistant to electric shocks.
You can survive without breathing.
You are immune to petrification.
You are immune to rotting.


Message History

The orc hits you but does no damage. The bat barely misses you.
The orc hits you but does no damage. The orc priest closely misses you.
You hit the orc priest but do no damage.
The orc priest is almost dead.
The bat closely misses you. You block the bat's attack.
You block the orc's attack.
The orc priest hits you with a morningstar of protection.
* * * LOW HITPOINT WARNING * * *
You closely miss the orc.
The orc is severely wounded.
The bat hits you but does no damage. x2
You block the orc's attack. You block the bat's attack.
You block the orc priest's attack.
You hit the orc priest but do no damage.
The orc priest is almost dead.
You block the bat's attack. The bat hits you but does no damage.
The orc hits you but does no damage.
The orc priest mumbles some strange prayers to Beogh against you.
Pain shoots through your body!
You die...

########.#####.##
#......#.#####...
#.####.#.##......
##.####.#.##.##...
#...............##
#..#.##.#########
#..#.##.# ##
#o).....# ######.
#@##.##.# #......
#bo.....# #......
####.#### #......
#.### #......
#...# #......
###.# ####### #.#
#.# ### #.# #..


You could see an orc priest, an orc and a bat.

Vanquished Creatures
  Ijyb (D:2)
  Terence (D:2)
  Robin (D:2)
  An adder (D:2)
  2 worms (D:2)
  4 orcs
  3 giant cockroaches
  8 goblins
  8 hobgoblins
  A quokka (D:2)
  5 bats
  A giant newt (D:1)
  4 kobolds
  A rat (D:1)
41 creatures vanquished.

Notes
Turn   | Place    | Note
--------------------------------------------------------------
     0 | D:1      | Quirk the Gargoyle Fighter began the quest for the Orb.
     0 | D:1      | Reached XP level 1. HP: 14/14 MP: 1/1
   197 | D:1      | Reached XP level 2. HP: 13/19 MP: 2/2
   672 | D:2      | Noticed Ijyb
   685 | D:2      | Killed Ijyb
   685 | D:2      | Reached skill level 1 in Stealth
   685 | D:2      | Reached XP level 3. HP: 23/23 MP: 3/3
   802 | D:2      | Reached XP level 4. HP: 21/28 MP: 4/4
   964 | D:2      | Noticed Terence
   978 | D:2      | Killed Terence
   978 | D:2      | Reached skill level 4 in Armour
   978 | D:2      | Reached skill level 1 in Dodging
  1026 | D:2      | Noticed Robin
  1068 | D:2      | Killed Robin
  1392 | D:2      | Reached XP level 5. HP: 27/32 MP: 5/5
  1901 | D:2      | Killed from afar by an orc priest

Vault maps used:
D:1:      minmay_arrival_four_houses
D:2:      uniq_terence, uniq_iyjb, uniq_robin
D:3:      cheibrodos_ashenzari_chains, tgw_trog, kennysheep_cluttered_room,
          st_stairs_1

Action                   |  1- 3 |  4- 6 || total
-------------------------+-------+-------++-------
Melee: Flail             |    70 |   119 ||   189
  Use: Scroll            |       |     4 ||     4
  Eat: Chunk             |       |     3 ||     3
